 Dungeon Crawl Stone Soup version 0.24-a0-447-ge8da9206dc (webtiles) character file.

Game seed: 2914617533276822070

2956 pk666 the Thaumaturge (level 9, -3/45 HPs)
             Began as a Deep Elf Wizard on June 25, 2019.
             Was a Follower of Vehumet.
             Slain by a two-headed ogre
             ... wielding a +0 giant spiked club
              (24 damage)
             ... on level 8 of the Dungeon.
             The game lasted 00:39:55 (10203 turns).

pk666 the Thaumaturge (Deep Elf Wizard)            Turns: 10203, Time: 00:39:56

Health: -3/45      AC:  5    Str:  4    XL:     9   Next: 52%
Magic:  7/25       EV: 14    Int: 34    God:    Vehumet [*.....]
Gold:   380        SH:  0    Dex: 13    Spells: 17/28 levels left

rFire    . . .     SeeInvis .   r - -1 dagger (curse)
rCold    . . .     Gourm    .   (no shield)
rNeg     . . .     Faith    .   a - +0 robe
rPois    .         Spirit   .   b - +0 hat
rElec    .         Reflect  .   (no cloak)
rCorr    .         Harm     +   C - +0 pair of gloves
MR       .....                  q - +1 pair of boots
Stlth    +++.......             F - amulet of harm
HPRegen  0.15/turn              i - ring "Hiat" {Wiz Int+7}
MPRegen  0.19/turn              v - ring of stealth

@: no status effects
A: no striking features
a: Renounce Religion


You were on level 8 of the Dungeon.
You worshipped Vehumet.
Vehumet was aware of your devotion.
You were not hungry.

You visited 2 branches of the dungeon, and saw 9 of its levels.
You also visited: Sewer.

You collected 380 gold pieces.

Inventory:

Hand Weapons
 c - a +1 dagger
 r - a cursed -1 dagger (weapon)
 z - a +1 rapier of venom
 A - a +3 dagger
Armour
 a - a +0 robe (worn)
 b - a +0 hat (worn)
 q - a +1 pair of boots (worn)
 C - a +0 pair of gloves (worn)
Jewellery
 i - the ring "Hiat" (left hand) {Wiz Int+7}
   (You found it on level 4 of the Dungeon)

   [ring of wizardry]

   It improves your spell success rate.
   It affects your intelligence (+7).
 v - a ring of stealth (right hand)
 F - an amulet of harm (around neck)
Wands
 t - a wand of polymorph (8)
 u - a wand of iceblast (4)
Scrolls
 e - 8 scrolls of identify
 j - 3 scrolls of magic mapping
 k - 4 scrolls of teleportation
 l - 5 scrolls of enchant armour
 s - a scroll of vulnerability {unknown}
 w - a scroll of blinking
 x - 3 scrolls of amnesia {unknown}
 y - a scroll of enchant weapon
 D - a scroll of fog
 E - a scroll of remove curse {unknown}
Potions
 f - a potion of cancellation {unknown}
 g - 2 potions of lignification {unknown}
 h - 2 potions of brilliance {unknown}
 m - 4 potions of flight
 n - 5 potions of curing {unknown}
 o - 2 potions of invisibility {unknown}
 p - 2 potions of might {unknown}
 B - a potion of haste {unknown}
 G - 2 potions of mutation {unknown}
Comestibles
 d - 9 rations


   Skills:
 + Level 5.0 Dodging
 - Level 2.4 Stealth
 + Level 10.0 Spellcasting
 + Level 7.6 Conjurations
 - Level 1.1 Summonings
 - Level 3.0 Translocations
 + Level 7.1 Fire Magic
 - Level 2.0 Air Magic
 - Level 3.0 Poison Magic


You had 17 spell levels left.
You knew the following spells:

 Your Spells              Type           Power        Failure   Level  Hunger
a - Magic Dart            Conj           ####         1%          1    None
b - Blink                 Tloc           N/A          1%          2    None
c - Conjure Flame         Conj/Fire      ######..     1%          3    None
d - Mephitic Cloud        Conj/Pois/Air  #####...     1%          3    None
e - Call Imp              Summ           ###.....     1%          2    None

Your spell library contained the following spells:

 Spells                   Type           Power        Failure   Level  Hunger
 Shock                    Conj/Air       ####         1%          1    None
 Slow                     Hex            ###.....     1%          2    None


Dungeon Overview and Level Annotations

Branches:
Dungeon (8/15)             Temple (1/1) D:4
   Lair: D:8-11

Altars:
Ashenzari
Cheibriados
Dithmenos
Elyvilon
Fedhas
Hepliaklqana
Kikubaaqudgha
Makhleb
Nemelex Xobeh
Okawaru
Qazlal
Ru
Sif Muna
Trog
Uskayaw
Vehumet
Wu Jian
Yredelemnul
Zin
The Shining One

Shops:
D:7 (

Annotations:
D:4 Grinder


Message History

Your white imp hits the two-headed ogre but does no damage.
The two-headed ogre is engulfed in noxious fumes.
The bullfrog is engulfed in noxious fumes.
The bullfrog completely misses you.
Casting: Magic Dart (safe; 1% risk of failure)
Confirm with . or Enter, or press ? or * to list all spells.
Aiming: Magic Dart (safe; 1% risk of failure)
Press: ? - help, Shift-Dir - straight line, f/p - two-headed ogre
Aim: a two-headed ogre, wielding a +0 giant spiked club and a +0 giant club (noxious fumes, severely wounded, confused)
The magic dart hits the two-headed ogre.
The two-headed ogre is almost dead.
Your white imp gestures at the two-headed ogre.
The puff of frost hits the bullfrog!
The bullfrog dies!
Vehumet accepts your kill.
Your Dodging skill increases to level 5!
The two-headed ogre is engulfed in noxious fumes.
The two-headed ogre hits you with a +0 giant spiked club!!
Ouch! That really hurt!
You die...

.. .. #.
.. #. .#
#.##.# ..
#....##...
#...#.....
##....#
##O.○#.#
#@☼°##
#..5#
..5.#
###.## ...
.... ....
####


You could see a two-headed ogre (confused), a friendly crimson imp and a
friendly white imp.

Vanquished Creatures
  Prince Ribbit (D:5)
  A hippogriff (D:7)
  Eustachio (D:5)
  Edmund (D:6)
  Duvessa (D:5)
  An orc warrior (D:6)
  2 centaurs
  A phantom (D:8)
  4 ogres
  4 bullfrogs
  A gnoll sergeant (D:6)
  A wyvern zombie (D:7)
  Dowan (D:5)
  A wyvern skeleton (D:6)
  A wight (D:6)
  A crimson imp (D:7)
  2 jellies
  A hound (D:7)
  4 orc priests
  A centaur skeleton (D:7)
  4 orc wizards
  4 iguanas
  A merfolk siren (Sewer)
  2 worker ants
  A merfolk avatar (Sewer)
  8 adders
  2 river rats (Sewer)
  2 shadow imps
  An ooze (D:2)
  3 adder skeletons
  2 worms (D:2)
  2 dart slugs (D:1)
  7 leopard geckos
  28 orcs
  7 giant cockroaches
  5 goblins
  8 hobgoblins
  5 jackals
  5 quokkas
  3 ball pythons
  6 bats
  14 frilled lizards
  11 kobolds
  28 rats
190 creatures vanquished.

Vanquished Creatures (collateral kills)
  Menkaure (D:7)
  A bullfrog (D:8)
  Ijyb (D:4)
3 creatures vanquished.

Grand Total: 193 creatures vanquished

Notes
Turn   | Place    | Note
-------+----------+-------------------------------------------
     0 | D:1      | pk666 the Deep Elf Wizard began the quest for the Orb.
     0 | D:1      | Reached XP level 1. HP: 10/10 MP: 7/7
   269 | D:1      | Reached XP level 2. HP: 15/15 MP: 6/9
   822 | D:1      | Reached XP level 3. HP: 19/19 MP: 3/11
   826 | D:1      | Learned a level 2 spell: Blink
   830 | D:1      | Learned a level 3 spell: Conjure Flame
   834 | D:1      | Learned a level 3 spell: Mephitic Cloud
   948 | D:1      | Reached skill level 5 in Spellcasting
  1445 | D:2      | Reached skill level 1 in Fire Magic
  1445 | D:2      | Reached skill level 1 in Poison Magic
  1445 | D:2      | Reached XP level 4. HP: 24/24 MP: 3/13
  1532 | D:2      | Learned a level 2 spell: Call Imp
  1982 | D:2      | Found a sparkling altar of Nemelex Xobeh.
  2440 | D:3      | Found a basalt altar of Yredelemnul.
  2480 | D:3      | Found a faded altar of an unknown god.
  2721 | D:3      | Reached XP level 5. HP: 28/28 MP: 13/15
  2765 | D:3      | Found a glowing drain.
  2792 | Sewer    | Entered a sewer
  3494 | Sewer    | Reached skill level 6 in Spellcasting
  4075 | D:4      | Noticed an ogre
  4096 | D:4      | Found a staircase to the Ecumenical Temple.
  4097 | D:4      | Noticed Ijyb
  4098 | D:4      | Noticed Grinder
  4179 | D:4      | Reached XP level 6. HP: 32/32 MP: 13/17
  4316 | Temple   | Entered the Ecumenical Temple
  4383 | Temple   | Became a worshipper of Vehumet
  4796 | D:4      | Got a fine glass ring
  5142 | D:4      | Found a glowing golden altar of the Shining One.
  5406 | D:5      | Entered Level 5 of the Dungeon
  5646 | D:5      | Reached XP level 7. HP: 35/36 MP: 4/19
  5709 | D:4      | Killed Ijyb
  5911 | D:5      | Noticed Prince Ribbit
  5917 | D:5      | Killed Prince Ribbit
  5917 | D:5      | Reached skill level 7 in Spellcasting
  6061 | D:5      | Noticed Eustachio
  6122 | D:5      | Killed Eustachio
  6122 | D:5      | Reached skill level 5 in Conjurations
  6294 | D:5      | Reached skill level 1 in Air Magic
  6522 | D:5      | Noticed Duvessa
  6522 | D:5      | Noticed Dowan
  6533 | D:5      | Killed Duvessa
  6533 | D:5      | Reached XP level 8. HP: 33/41 MP: 6/21
  6540 | D:5      | Killed Dowan
  6540 | D:5      | Reached * piety under Vehumet
  6540 | D:5      | Offered knowledge of Shock by Vehumet.
  6961 | D:6      | Reached skill level 8 in Spellcasting
  7261 | D:6      | Reached skill level 5 in Fire Magic
  7485 | D:6      | Noticed Edmund
  7495 | D:6      | Killed Edmund
  7966 | D:6      | Reached skill level 9 in Spellcasting
  8250 | D:7      | Noticed a hippogriff
  8266 | D:7      | Killed a hippogriff
  8266 | D:7      | Reached XP level 9. HP: 6/45 MP: 3/24
  8372 | D:6      | Identified the ring "Hiat" {Wiz Int+7} (You found it on
                  | level 4 of the Dungeon)
  8731 | D:7      | Found a flagged portal.
  8763 | D:7      | Found a shimmering altar of Xom.
  8764 | D:7      | Found a shimmering altar of Xom.
  8764 | D:7      | Found a shimmering altar of Xom.
  8764 | D:7      | Found a shimmering altar of Xom.
  8765 | D:7      | Found a shimmering altar of Xom.
  8765 | D:7      | Found a shimmering altar of Xom.
  8766 | D:7      | Found a shimmering altar of Xom.
  8783 | D:7      | Found a shimmering altar of Xom.
  8952 | D:7      | Noticed Menkaure
  8978 | D:7      | Killed Menkaure
  9692 | D:7      | Found Muijur's Weapon Shop.
  9721 | D:7      | Noticed a shining eye
  9722 | D:7      | Noticed a fire crab
 10156 | D:8      | Reached skill level 10 in Spellcasting
 10181 | D:8      | Noticed a two-headed ogre
 10203 | D:8      | Reached skill level 5 in Dodging
 10203 | D:8      | Slain by a two-headed ogre

Levels and vault maps discovered:
D:1:      scummos_arrival_simple_crosswalls, layout_loops_cross
D:2:      layout_loops_cross, overflow_temple_1_default
D:3:      layout_basic, yredelemnul_altar_generic, portal_sewer_entry_f,
          chequers_ecumenical_altar_grove
D:4:      layout_gridville, minmay_temple_entry_mini_moons, first_ration,
          nicolae_tso_swordbearing_angel, uniq_grinder, uniq_ijyb
D:5:      layout_loops_ring, uniq_duvessa, uniq_eustachio, uniq_prince_ribbit1
D:6:      layout_loops_ring, sword_in_stone, uniq_edmund
D:7:      layout_gridville, xom_shifter_show, serial_shops, shop,
          enter_bailey_6, uniq_menkaure
D:8:      layout_rooms, lemuel_coloured_pillars_altar, erik_lair_dragon,
          serial_shops, kennysheep_mini_moat, hangedman_pestilent_swarm,
          minmay_misc_feat_iff, evilmike_ruin_ashenzari
Temple:   hc_temple_tempest_star

Skill      XL: |  1  2  3  4  5  6  7  8  9 |
---------------+----------------------------+-----
Dodging        | 3 5 |  5.0
Conjurations   | 2 3 4 5 6 7 |  7.6
Spellcasting   | 5 6 7 9 10 | 10.0
Fire Magic     | 1 2 3 4 6 7 |  7.1
Poison Magic   | 1 2 3 |  3.0
Translocations | 3 |  3.0
Air Magic      | 1 2 |  2.0
Stealth        | |  2.4
Summonings     | |  1.1

Action                   |  1- 3 |  4- 6 |  7- 9 || total
-------------------------+-------+-------+-------++-------
Melee: Dagger            |       |     2 |    19 ||    21
 Cast: Magic Dart        |   103 |   234 |   227 ||   564
       Mephitic Cloud    |       |     8 |    18 ||    26
       Conjure Flame     |       |     5 |    23 ||    28
       Blink             |       |     1 |     3 ||     4
       Call Imp          |       |       |     8 ||     8
  Use: Scroll            |       |     8 |     2 ||    10
 Stab: Confused          |       |     1 |     1 ||     2
  Eat: Chunk             |     1 |    13 |    11 ||    25
       Ration            |       |       |     1 ||     1
Armor: Robe              |     1 |     8 |     7 ||    16
Dodge: Dodged            |     6 |    33 |    61 ||   100

Table legend:
 A = Non-vault XP
 B = Vault XP
 C = Vault XP percentage of total XP
 D = Non-vault monster count
 E = Vault monster count
 F = Vault count percentage of total count
                 A         B        C        D         E       F
            +---------+---------+-------+---------+---------+-------
      Total |    2733 |    1490 |  35.3 |     139 |      54 |  28.0
            +---------+---------+-------+---------+---------+-------
        D:1 |      48 |       0 |   0.0 |      28 |       0 |   0.0
        D:2 |      77 |       0 |   0.0 |      20 |       0 |   0.0
        D:3 |      80 |      10 |  11.1 |      20 |       4 |  16.7
        D:4 |     282 |      23 |   7.5 |      19 |       1 |   5.0
        D:5 |     261 |     699 |  72.8 |      15 |       4 |  21.1
        D:6 |     590 |     433 |  42.3 |      15 |       4 |  21.1
        D:7 |    1122 |     165 |  12.8 |      18 |       1 |   5.3
        D:8 |     273 |       0 |   0.0 |       4 |       0 |   0.0
      Sewer |       0 |     160 | 100.0 |       0 |      40 | 100.0
            +---------+---------+-------+---------+---------+-------
